 Dungeon Crawl Stone Soup version 0.28.0 (webtiles) character file.

Game seed: 601243002308524617

75749 ReploidZero the Warrior (level 15, -13/129 HPs)
             Began as a Formicid Hunter on Feb 16, 2022.
             Was the Champion of Fedhas.
             Mangled by a radroach (16 damage)
             ... on level 1 of the Spider Nest.
             The game lasted 01:18:44 (23683 turns).

ReploidZero the Warrior (Formicid Hunter)          Turns: 23683, Time: 01:18:44

Health: -13/129    AC: 27    Str: 24    XL:     15   Next: 99%
Magic:  25/25      EV:  9    Int: 11    God:    Fedhas [******]
Gold:   1535       SH: 11    Dex: 11    Spells: 14/14 levels left

rFire   + . .      SeeInvis +   b - +6 dire flail (protect)
rCold   . . .      Faith    .   k - +0 kite shield
rNeg    . . .      Spirit   .   j - +2 chain mail {rF+}
rPois   +          Reflect  .   (helmet unavailable)
rElec   .          Harm     .   r - +2 cloak {Will+}
rCorr   +          Rampage  .   l - +1 pair of gloves
Will    ++...                   (no boots)
Stlth   ..........              p - amulet "Kes Um Fot" {rPois Regen+}
HPRegen 1.11/turn               g - ring of resist corrosion
MPRegen 0.19/turn               e - ring of flight

@: mighty, spiked, under a protective aura, flying, contaminated, glowing,
studying Stealth
A: permanent stasis, dig shafts and tunnels, antennae 3, four strong arms
a: Dig, Shaft Self, Renounce Religion, Wall of Briars, Grow Ballistomycete,
Overgrow, Grow Oklob


You were on level 1 of the Spider Nest.
You worshipped Fedhas.
Fedhas was exalted by your worship.
You visited 4 branches of the dungeon, and saw 20 of its levels.

You collected 1535 gold pieces.

Inventory:

Hand Weapons
 a - a +7 vorpal arbalest
 b - a +6 dire flail of protection (weapon)
 F - a +2 hand crossbow of flaming
Missiles
 d - 51 bolts
 y - 9 curare-tipped darts (quivered)
Armour
 j - a +2 chain mail of fire resistance (worn)
 k - a +0 kite shield (worn)
 l - a +1 pair of gloves (worn)
 r - a +2 cloak of willpower (worn)
Jewellery
 e - a ring of flight (right hand)
 g - a ring of resist corrosion (left hand)
 h - a ring of magical power
 p - the amulet "Kes Um Fot" (around neck) {rPois Regen+}
   (You acquired it on level 9 of the Dungeon)

   [amulet of regeneration]

   rPois:     It protects you from poison.
   Regen:     It increases your rate of health regeneration.
 J - a ring of protection from cold
Wands
 f - a wand of acid (18)
 n - a wand of digging (1)
 q - a wand of iceblast (23)
 u - a wand of flame (22)
 w - a wand of paralysis (10)
 C - a wand of mindburst (10)
 E - a wand of charming (6)
Scrolls
 c - 3 scrolls of immolation
 x - a scroll of amnesia
 z - 2 scrolls of fog
 B - a scroll of holy word
 D - 2 scrolls of fear
 L - a scroll of enchant armour
 O - a scroll of identify
Potions
 i - 2 potions of curing
 m - 2 potions of mutation
 s - a potion of attraction
 v - 3 potions of flight
 G - a potion of cancellation
 M - a potion of brilliance
Miscellaneous
 H - a piece from Xom's chessboard (15/15)
 K - a phantom mirror
 N - a piece from Xom's chessboard (15/15)


   Skills:
 - Level 15.0 Fighting
 + Level 13.6 Maces & Flails
 - Level 6.1 Crossbows
 - Level 11.5 Armour
 - Level 4.4 Dodging
 - Level 1.2 Stealth
 - Level 12.1 Shields
 + Level 13.5 Invocations


You had 14 spell levels left.
You didn't know any spells.
Your spell library contained the following spells:

 Spells                   Type           Power      Damage    Failure   Level
 Freeze                   Ice            0%         1d3       97%         1
 Pain                     Necr           0%         1d4       97%         1
 Scorch                   Fire           0%         2d5       99%         2
 Frozen Ramparts          Ice            0%         1d2       100%        3
 Lesser Beckoning         Tloc           0%         N/A       100%        3
 Flame Wave               Conj/Fire      0%         2d4       100%        4
 Fulminant Prism          Conj/Hex       0%         3d6       100%        4
 Hailstorm                Conj/Ice       0%         3d3       100%        4
 Iskenderun's Mystic Bla  Conj/Tloc      0%         2d3       100%        4
 Agony                    Necr           0%         N/A       100%        5
 Blade Hands              Tmut           0%         N/A       100%        5
 Excruciating Wounds      Necr           0%         N/A       100%        5
 Irradiate                Conj/Tmut      0%         3d14      100%        5
 Lee's Rapid Deconstruct  Erth           0%         3d5*      100%        5
 Manifold Assault         Tloc           0%         N/A       100%        5
 Summon Cactus Giant      Summ           0%         N/A       100%        6
 Dragon Form              Tmut           0%         N/A       100%        7
 Blink                    Tloc           Unusable   N/A       N/A         2

Dungeon Overview and Level Annotations

Branches:
Dungeon (12/15)            Temple (1/1) D:6            Lair (6/6) D:11
  Swamp (0/4) Lair:2       Spider (1/4) Lair:2        Slime (0/5) Lair:6
    Orc (0/2) D:11

Altars:
Ashenzari
Cheibriados
Dithmenos
Elyvilon
Fedhas
Gozag
Hepliaklqana
Kikubaaqudgha
Makhleb
Nemelex Xobeh
Okawaru
Qazlal
Ru
Sif Muna
Trog
Uskayaw
Vehumet
Wu Jian
Xom
Yredelemnul
Zin
The Shining One
Jiyva

Shops:
D:4 (   D:12 *


Innate Abilities, Weirdness & Mutations

You cannot be hasted, slowed, berserked, paralysed or teleported.
You can dig through walls and to a lower floor.
You have a pair of large antennae on your head. (SInv)
Your four strong arms can wield two-handed weapons with a shield.


Message History

You block the radroach's attack. You block the steelbarb worm's attack.
Unknown command.
You bludgeon the radroach!!
The radroach is heavily wounded.
The radroach erupts in a fountain of uncontrolled magic!
You are blasted with magical radiation!
You are lightly contaminated with residual magic.
You puncture the radroach!
The radroach is heavily wounded.
The steelbarb worm hits you!!
Barbed spikes become lodged in your body.
You puncture the radroach!
The radroach is severely wounded.
The radroach erupts in a fountain of uncontrolled magic!
You are blasted with magical radiation!!!
* * * LOW HITPOINT WARNING * * *
You are contaminated with residual magic.
You block the steelbarb worm's attack.
You are too injured to fight recklessly!
You are too injured to fight recklessly!
Unknown command.
You feel better.
The steelbarb worm hits you but does no damage.
The radroach bites you.
* * * LOW HITPOINT WARNING * * *
The radroach claws you but does no damage.
You feel very mighty all of a sudden. You block the steelbarb worm's attack.
You block the radroach's attack.
The radroach claws you but does no damage.
You sock the radroach!
The radroach is almost dead.
The steelbarb worm hits you but does no damage.
The radroach erupts in a fountain of uncontrolled magic!
You are blasted with magical radiation!!
* * * LOW HITPOINT WARNING * * *
You completely miss the radroach.
The radroach is almost dead.
The steelbarb worm barely misses you. The radroach bites you!
You die...
Fedhas appreciates your contribution to the ecosystem.

.....##w.# .###
#.##....## ..^# #
#..††#####...#
####......#..#..#
^.....^†..#...#
......#.......#
..#####..#...## #
##..w### #B@##
####


You could see a radroach and a steelbarb worm.

Vanquished Creatures
  Snorg (D:11)
  An ice dragon (D:12)
  2 boulder beetles
  7 hydras
  A radroach (Spider:1)
  A centaur warrior (D:12)
  6 two-headed ogres
  A tengu warrior (D:10)
  9 death yaks
  Sonja (Lair:5)
  The ghost of WindUpCitrus the Thaumaturge, a novice DEFE of Vehumet (Lair:1)
  4 bog bodies (Lair:2)
  An orb spider (Lair:2)
  An orc knight (D:11)
  A harpy (shapeshifter) (D:12)
  Pikel (D:4)
  A lindwurm (D:11)
  A wolf spider (Spider:1)
  4 ugly things (D:12)
  A cyclops (D:11)
  A manticore (D:8)
  4 black mambas
  A torpor snail (Spider:1)
  Joseph (D:8)
  The ghost of bmoney the Magician, a novice DjCj (D:4)
  13 cane toads
  A kobold demonologist (D:9)
  6 gargoyles
  5 rime drakes
  9 komodo dragons
  A demonic crawler (Spider:1)
  5 trolls
  8 polar bears
  Prince Ribbit (Lair:2)
  3 meliai (D:12)
  5 hornets
  6 dream sheep (Lair:6)
  24 blink frogs
  2 jumping spiders (D:11)
  14 spriggans (Lair:6)
  A culicivora (Spider:1)
  A vampire (D:11)
  A shadow (D:10)
  A wraith (D:11)
  78 yaks
  3 wyverns
  6 basilisks
  A steam dragon (D:10)
  3 redbacks
  Edmund (D:3)
  2 swamp worms (Lair:2)
  Duvessa (D:4)
  17 water moccasins
  A hornet zombie (D:8)
  9 black bears
  3 sky beasts
  4 necrophages
  2 ice beasts (D:6)
  5 orc warriors
  2 ogres
  28 wolves
  4 boggarts (Lair:6)
  8 centaurs
  A phantom (D:5)
  4 kobold brigands
  19 bullfrogs
  Blork the orc (D:4)
  7 scorpions
  A gnoll sergeant (D:12)
  16 wights
  Dowan (D:4)
  3 killer bees (D:8)
  3 electric eels
  3 howler monkeys
  A lava snake (D:11)
  A jelly (D:4)
  A bullfrog zombie (D:6)
  5 centaur zombies
  Crazy Yiuf (D:6)
  4 orc priests
  2 centaur skeletons
  3 hounds
  A gnoll shaman (D:5)
  5 iguanas
  15 orc wizards
  Robin (D:4)
  19 adders
  10 gnolls
  2 howler monkey skeletons
  6 river rats (D:3)
  3 shadow imps
  A white imp (D:6)
  6 worms
  2 dart slugs
  30 orcs
  4 ball pythons
  12 bats
  8 endoplasms
  A giant cockroach (D:1)
  17 goblins
  2 hobgoblins
  5 quokkas
  6 frilled lizards
  9 kobolds
  6 rats
587 creatures vanquished.

Vanquished Creatures (collateral kills)
  A wolf (Lair:1)
  8 ballistomycete spores (Lair:1)
9 creatures vanquished.

Vanquished Creatures (others)
  A polar bear (D:12)
  91 fungi
  202 plants
294 creatures vanquished.

Grand Total: 890 creatures vanquished

Notes
Turn   | Place    | Note
-------+----------+-------------------------------------------
     0 | D:1      | ReploidZero the Formicid Hunter began the quest for the
                  | Orb.
     0 | D:1      | Reached XP level 1. HP: 16/16 MP: 1/1
    79 | D:1      | Reached XP level 2. HP: 23/23 MP: 2/2
   580 | D:1      | Reached XP level 3. HP: 19/28 MP: 3/3
  1170 | D:2      | Reached skill level 3 in Fighting
  1631 | D:2      | Reached XP level 4. HP: 5/35 MP: 4/4
  2131 | D:2      | Found a faded altar of an unknown god.
  2238 | D:2      | You fall into a shaft and drop 2 floors!
  2238 | D:4      | Noticed Edmund
  2319 | D:3      | You fall into a shaft and drop 1 floor!
  2507 | D:4      | Noticed a scorpion
  2511 | D:4      | Killed a scorpion
  2512 | D:4      | Reached XP level 5. HP: 37/41 MP: 5/5
  2572 | D:4      | Noticed Blork the orc
  2572 | D:4      | Noticed Pikel
  2572 | D:4      | Noticed a lemure
  2768 | D:3      | Found an iron altar of Okawaru.
  2878 | D:3      | Found a white marble altar of Elyvilon.
  3151 | D:3      | Reached skill level 5 in Crossbows
  3152 | D:3      | Reached skill level 4 in Fighting
  3161 | D:3      | Reached XP level 6. HP: 19/48 MP: 6/6
  3462 | D:3      | HP: 2/48 [river rat (8)]
  4132 | D:3      | You fall into a shaft and drop 2 floors!
  4132 | D:5      | Entered Level 5 of the Dungeon
  4344 | D:5      | Reached XP level 7. HP: 53/55 MP: 7/7
  4414 | D:5      | Reached skill level 5 in Fighting
  4991 | D:5      | Reached skill level 1 in Armour
  4991 | D:5      | Reached skill level 1 in Shields
  4991 | D:5      | Reached XP level 8. HP: 46/64 MP: 8/8
  5461 | D:5      | Reached skill level 6 in Fighting
  6438 | D:4      | Found a runed translucent door.
  6580 | D:4      | Killed Blork the orc
  6581 | D:4      | Reached XP level 9. HP: 44/71 MP: 9/9
  6627 | D:4      | Killed Pikel
  6628 | D:4      | Reached skill level 7 in Fighting
  6628 | D:4      | Reached skill level 5 in Armour
  6628 | D:4      | Reached skill level 5 in Shields
  6988 | D:4      | Noticed Duvessa
  6988 | D:4      | Noticed Dowan
  7029 | D:4      | Noticed Robin
  7052 | D:4      | Killed Duvessa
  7060 | D:4      | Killed Dowan
  7352 | D:3      | Killed Edmund
  7723 | D:4      | Reached skill level 8 in Fighting
  7736 | D:4      | Killed Robin
  7782 | D:4      | Found Raochek's Weapon Shop.
  7866 | D:4      | Reached skill level 1 in Maces & Flails
  8166 | D:4      | Noticed bmoney's ghost (novice DjCj)
  8182 | D:4      | Killed bmoney's ghost
  8183 | D:4      | Reached XP level 10. HP: 76/82 MP: 10/10
  8863 | D:6      | Found a staircase to the Ecumenical Temple.
  8879 | D:6      | Reached skill level 9 in Fighting
  8929 | Temple   | Entered the Ecumenical Temple
  9103 | Temple   | Became a worshipper of Fedhas Madash
  9185 | D:6      | Noticed a two-headed ogre
  9198 | D:6      | Killed a two-headed ogre
  9432 | D:6      | Found a runed translucent door.
  9433 | D:6      | Noticed Crazy Yiuf
  9641 | D:6      | Killed Crazy Yiuf
  9933 | D:7      | Reached * piety under Fedhas
 10059 | D:7      | Reached skill level 5 in Maces & Flails
 10583 | D:8      | Reached skill level 10 in Fighting
 10858 | D:8      | Reached XP level 11. HP: 88/89 MP: 11/11
 11143 | D:8      | Noticed Joseph
 11157 | D:8      | Killed Joseph
 11157 | D:8      | Reached ** piety under Fedhas
 11421 | D:8      | Found a hide-covered altar of Uskayaw.
 11512 | D:8      | Noticed a manticore
 11518 | D:8      | Killed a manticore
 11848 | D:9      | Reached skill level 10 in Shields
 12261 | D:8      | Reached skill level 11 in Fighting
 12818 | D:9      | Noticed a two-headed ogre
 12871 | D:9      | Killed a two-headed ogre
 13129 | D:9      | Found an ornate altar of the Wu Jian Council.
 13228 | D:9      | Identified a scroll of acquirement
 13228 | D:9      | Acquired the amulet "Kes Um Fot" {rPois Regen+}
 13299 | D:10     | Entered Level 10 of the Dungeon
 13369 | D:10     | Noticed a two-headed ogre
 13383 | D:10     | Killed a two-headed ogre
 13428 | D:10     | Reached *** piety under Fedhas
 13436 | D:10     | Noticed a two-headed ogre
 13450 | D:10     | Killed a two-headed ogre
 13451 | D:10     | Reached skill level 1 in Invocations
 13569 | D:10     | Reached XP level 12. HP: 97/100 MP: 13/13
 14080 | D:11     | Reached skill level 12 in Fighting
 14141 | D:11     | Found a staircase to the Lair.
 14200 | D:11     | Reached **** piety under Fedhas
 14310 | D:11     | Found a staircase to the Orcish Mines.
 14335 | D:11     | Found a runed translucent door.
 14540 | D:11     | Found an ornate altar of the Wu Jian Council.
 14613 | D:11     | Noticed Snorg
 14633 | D:11     | HP: 7/153 [Snorg (3)]
 14634 | D:11     | HP: 2/153 [Snorg (6)]
 14639 | D:11     | Killed Snorg
 14924 | D:11     | Identified the +1 hat "Vicw" {Int+4}
 14997 | D:11     | Found a runed translucent gate.
 14997 | D:11     | Found a runed translucent gate.
 14997 | D:11     | Found a runed translucent gate.
 14997 | D:11     | Found a runed translucent gate.
 14997 | D:11     | Found a runed translucent gate.
 14997 | D:11     | Found a runed translucent gate.
 14997 | D:11     | Noticed a boulder beetle
 15103 | D:11     | Killed a boulder beetle
 15104 | D:11     | Reached skill level 5 in Invocations
 15353 | D:12     | Noticed a fire crab
 15359 | D:12     | Noticed a centaur warrior
 15361 | D:12     | a fire crab changed into a guardian serpent
 15391 | D:12     | Reached XP level 13. HP: 57/109 MP: 17/17
 15397 | D:12     | Killed a centaur warrior
 15966 | D:12     | Reached skill level 13 in Fighting
 16094 | D:12     | Found Bowa's Pet Rocks.
 16126 | D:12     | Reached ***** piety under Fedhas
 16439 | D:12     | Noticed an ice dragon
 16483 | D:12     | Killed an ice dragon
 16668 | D:12     | Reached skill level 10 in Maces & Flails
 16829 | Lair:1   | Entered Level 1 of the Lair of Beasts
 16847 | Lair:1   | Found a runed translucent door.
 16847 | Lair:1   | Noticed WindUpCitrus's ghost (novice DEFE)
 17366 | Lair:1   | Reached XP level 14. HP: 119/119 MP: 20/20
 17667 | Lair:1   | Killed WindUpCitrus's ghost
 17851 | Lair:2   | Reached skill level 10 in Armour
 17886 | Lair:2   | Found a hole to the Spider Nest.
 17917 | Lair:2   | Noticed Prince Ribbit
 17934 | Lair:2   | Reached skill level 14 in Fighting
 17946 | Lair:2   | Killed Prince Ribbit
 18815 | Lair:2   | Found a staircase to the Swamp.
 18824 | Lair:2   | Reached skill level 10 in Invocations
 19131 | Lair:3   | Reached ****** piety under Fedhas
 20006 | Lair:4   | Reached XP level 15. HP: 117/127 MP: 22/22
 20550 | Lair:4   | Reached skill level 15 in Fighting
 21587 | Lair:6   | Entered Level 6 of the Lair of Beasts
 21997 | Lair:6   | Identified the +8 shortbow "Voapho" {vorpal, rCorr Str+5
                  | Dex+2 Stlth+}
 22428 | Lair:6   | Noticed Sonja
 22491 | Lair:5   | Killed Sonja
 23074 | Lair:6   | Found a staircase to the Slime Pits.
 23075 | Lair:6   | Found a viscous altar of Jiyva.
 23081 | Lair:6   | Identified the +0 pair of boots of Veuthet {rElec Str+3
                  | Int+4}
 23542 | Spider:1 | Entered Level 1 of the Spider Nest
 23682 | Spider:1 | HP: 2/129 [radroach (35)]
 23683 | Spider:1 | Mangled by a radroach

Illustrated notes

Levels and vault maps discovered:
D:1:      ncdulo_smallfort, layout_loops_ring
D:2:      layout_basic, shapermc_ecumenical_altar_mp_highgroup,
          chequers_serial_rivers_micro_c
D:3:      layout_basic, elyvilon_altar_5, lemuel_crystal_altar,
          lightli_sewer_entry_pipes, grunt_ministairs_14
D:4:      old_forge, layout_basic, ebering_ghost_reflecting_pool, serial_shops,
          nicolae_shop_hallway_plus, uniq_robin, uniq_edmund, uniq_duvessa,
          uniq_blork_the_orc, uniq_pikel
D:5:      layout_basic
D:6:      layout_basic, minmay_temple_entry_junction, minmay_fractal_squares_5,
          uniq_crazy_yiuf_cottage
D:7:      layout_loops_ring
D:8:      layout_loops_ring, nicolae_overflow_hidden_temple,
          kennysheep_just_a_vault, uniq_joseph
D:9:      layout_basic, nicolae_overflow_crystal_walls
D:10:     wad_river_or_something, layout_rooms
D:11:     gammafunk_indiana_jones, layout_irregular_city,
          due_lair_maze_entry_diamond, orc_0_dummy,
          nicolae_wu_jian_wuxing_cycle, uniq_snorg
D:12:     minmay_bloctagon_deflated, layout_loops_cross,
          portal_ice_cave_entry_animals_and_master, guppyfry_shop_earth
Temple:   regret_index_temple_mists
Lair:1:   layout_hall_layers, hellmonk_ghost_happy_afterlife,
          lemuel_old_faithful
Lair:2:   layout_misc_corridors, nicolae_swamp_entry_splash_gauntlet,
          nicolae_spider_entry_orb_guardian, hangedman_lair_generics_rect,
          grunt_megastairs_2, infiniplex_staircase_pool, lemuel_fruit_tree,
          uniq_prince_ribbit2
Lair:3:   layout_gridlike
Lair:4:   layout_loops_ring
Lair:5:   layout_cave_pods
Lair:6:   minmay_lair_end_enchanted_forest, layout_regular_city, slime_altar_1,
          serial_forest, infiniplex_forest_end_3,
          infiniplex_forest_lined_room_2, infiniplex_forest_straight_3,
          infiniplex_forest_end_1, infiniplex_forest_straight_2,
          infiniplex_forest_pool, infiniplex_forest_end_3, uniq_sonja
Spider:1: layout_spider_delve

Skill      XL: |  1  2  3  4  5  6  7  8  9 10 11 12 13 14 15 |
---------------+----------------------------------------------+-----
Dodging        | 2 3 4 |  4.4
Fighting       | 3 4 5 6 8 10 11 12 13 14 15 | 15.0
Crossbows      | 5 6 |  6.1
Armour         | 1 4 5 7 9 11 | 11.5
Shields        | 1 4 6 9 11 12 | 12.1
Maces & Flails | 2 5 7 9 10 11 13 | 13.6
Invocations    | 1 5 8 10 13 | 13.5
Stealth        | |  1.2

Action                   |  1- 3 |  4- 6 |  7- 9 | 10-12 | 13-15 || total
-------------------------+-------+-------+-------+-------+-------++-------
Melee: Short sword       |    63 |    86 |     5 |       |       ||   154
       Punch             |     1 |     1 |       |       |       ||     2
       Lajatang          |       |       |   245 |       |       ||   245
       Dire flail        |       |       |   113 |   716 |  1531 ||  2360
 Fire: Hand crossbow     |    35 |    36 |     6 |    12 |       ||    89
Invok: Wall of Briars    |       |       |       |     1 |       ||     1
       Grow Ballistomyce |       |       |       |       |     1 ||     1
       Grow Oklob        |       |       |       |       |     1 ||     1
 Abil: Shaft Self        |       |     2 |       |       |       ||     2
Evoke: Wand              |       |       |       |     1 |       ||     1
  Use: Scroll            |     1 |     2 |     6 |    11 |    11 ||    31
       Potion            |     1 |     1 |     1 |     3 |    11 ||    17
 Stab: Sleeping          |     1 |       |       |       |       ||     1
       Held in net/web   |       |       |     1 |       |       ||     1
Armor: Leather armour    |    18 |       |       |       |       ||    18
       Chain mail        |       |    76 |   263 |   355 |   944 ||  1638
       Skin              |       |       |     8 |    31 |    29 ||    68
Dodge: Dodged            |    45 |    61 |   154 |   259 |   540 ||  1059
Block: Kite shield       |       |       |   231 |   439 |  1006 ||  1676
